 Dungeon Crawl Stone Soup version 0.29-a0-887-gcbe080d7e0 (webtiles) character file.

Game seed: 7829437105682753595

579 concernfroge the Fighter (level 7, -3/62 HPs)
             Began as a Mummy Monk on July 21, 2022.
             Was an Initiate of Gozag.
             Killed from afar by a steam dragon (18 damage)
             ... with a ball of steam
             ... on level 6 of the Dungeon.
             The game lasted 00:13:46 (3946 turns).

concernfroge the Fighter (Mummy Monk)               Turns: 3946, Time: 00:13:47

Health: -3/62      AC: 10    Str: 17    XL:     7   Next: 13%
Magic:  7/7        EV:  5    Int:  9    God:    Gozag
Gold:   758        SH:  0    Dex: 14    Spells: 6/6 levels left

rFire   x . .      SeeInvis .   j - +0 great sword
rCold   + . .      Faith    .   (shield currently unavailable)
rNeg    + + +      Spirit   .   c - +0 plate armour
rPois   ∞          Reflect  .   (no helmet)
rElec   .          Harm     .   (no cloak)
rCorr   .          Rampage  .   (no gloves)
Will    .....                   (no boots)
Stlth   ..........              (no amulet)
HPRegen 0.20/turn               (no ring)
MPRegen 0.10/turn               (no ring)

@: no status effects
A: cold resistance 1, negative energy resistance 3, torment resistance 2, heat
vulnerability 1, in touch with death 1, no potions
a: Renounce Religion, Potion Petition, Call Merchant, Bribe Branch


You were on level 6 of the Dungeon.
You worshipped Gozag.
Gozag was pleased with you.
You visited 1 branch of the dungeon, and saw 6 of its levels.

You collected 1138 gold pieces.
You paid 380 gold pieces to Gozag.

Inventory:

Hand Weapons
 j - a +0 great sword (weapon)
Armour
 c - a +0 plate armour (worn)
Wands
 b - a wand of acid (5)
 e - a wand of polymorph (19)
Scrolls
 a - 2 scrolls of magic mapping
 d - a scroll of enchant armour
 h - 3 scrolls of immolation


   Skills:
 + Level 8.3 Fighting
 - Level 2.4 Polearms
 - Level 2.4 Dodging
 - Level 1.5 Stealth


You had 6 spell levels left.
You didn't know any spells.
Your spell library contained the following spells:

 Spells                   Type           Power      Damage    Failure   Level
 Static Discharge         Conj/Air       0%         3-3/arc   100%        2
 Gell's Gravitas          Tloc           0%         N/A       100%        3
 Teleport Other           Tloc           0%         N/A       100%        3
 Dispel Undead            Necr           0%         3d6       100%        4
 Sticky Flame             Conj/Fire      0%         2d3       100%        4
 Dispersal                Tloc           0%         N/A       100%        6


Dungeon Overview and Level Annotations

Branches:
Dungeon (6/15)
 Temple: D:4-7

Altars:
Ashenzari
Fedhas
Gozag
Nemelex Xobeh
Okawaru

Shops:
D:1 [   D:2 !=([

Annotations:
D:4 Grinder


Innate Abilities, Weirdness & Mutations

You are immune to poison.
Your flesh is cold resistant. (rC+)
You are immune to negative energy. (rN+++)
You are immune to unholy pain and torment.
You are vulnerable to heat. (rF-)
You are in touch with the powers of death.
You do not drink.


Message History

You kill the water moccasin!
Your Fighting skill increases to level 8!
You have reached level 7!
You now have 749 gold pieces (gained 3).
You now have 758 gold pieces (gained 9).
Found a broken altar of Ashenzari.
Found a stone staircase leading down.
There is a stone staircase leading down here.
Found a dark potion.
You open the door.
A steam dragon comes into view.
The steam dragon hisses angrily.
Aiming: Polymorph
Press: ? - help, Shift-Dir - straight line, f - steam dragon
Aim: a steam dragon (will become an acid dragon, a tengu, or a queen bee, chance to affect: 49%)
Okay, then.
Unknown command.
Aiming: Corrosive Bolt
Press: ? - help, Shift-Dir - straight line, f - steam dragon
Aim: a steam dragon (71% to hit)
The bolt of acid hits the steam dragon!
The acid corrodes the steam dragon!
The steam dragon is moderately wounded.
There is an open door here.
The steam dragon breathes steam at you. The ball of steam hits you!!
The steam scalds you terribly!
You hit the steam dragon but do no damage.
The steam dragon is moderately wounded.
You are engulfed in a cloud of scalding steam.
* * * LOW HITPOINT WARNING * * *
The steam dragon bites you but does no damage.
The steam dragon claws you but does no damage.
The steam dragon bites you but does no damage.
The steam dragon claws you.
* * * LOW HITPOINT WARNING * * *
As you read the scroll labelled YGUFYIRONILI, it crumbles to dust.
The scroll dissolves into smoke.
It was a scroll of fog.
The steam dragon breathes steam at you. The ball of steam hits you!!
The steam scalds you terribly!
You die...
Your body crumbles into a pile of gold.

..##.#####.# ####.# #.#
## #.## ##.# .#
##.###.### #+## >#
#........# #...## .#
#.##!###.# #.....# .#
#.##.##..# ##§§.....
.###.##.#...####§§§.....
.............§§§@D§.....
####.###....####§§§.....
#.###.#..# ##§......
#........# #......
#####.#### #...## #.#
#+## #.# .# #####.####
.# #........# ##.#


You could see a steam dragon (catching breath, corroded).

Vanquished Creatures
  A water moccasin (D:6)
  An ogre (D:6)
  A kobold brigand (D:6)
  A jelly (D:6)
  An iguana (D:6)
  An orc wizard (D:6)
  5 gnolls (D:6)
  2 adders (D:3)
  A worm (D:2)
  8 orcs
  5 bats
  5 endoplasms
  7 giant cockroaches
  3 goblins
  4 hobgoblins
  2 quokkas
  8 ball pythons
  5 frilled lizards
  8 kobolds
  6 rats
75 creatures vanquished.

Vanquished Creatures (collateral kills)
  A water moccasin (D:6)
1 creature vanquished.

Grand Total: 76 creatures vanquished

Notes
Turn   | Place    | Note
-------+----------+-------------------------------------------
     0 | D:1      | concernfroge the Mummy Monk began the quest for the Orb.
     0 | D:1      | Reached XP level 1. HP: 18/18 MP: 1/1
   212 | D:1      | Reached XP level 2. HP: 24/24 MP: 2/2
   369 | D:1      | Found Toma's Armour Shop.
   379 | D:1      | Reached skill level 4 in Fighting
   810 | D:2      | Gained mutation: You are in touch with the powers of death.
                  | [Mummy growth]
   810 | D:2      | Reached XP level 3. HP: 23/30 MP: 3/3
   907 | D:2      | Found Ugirphir's Weapon Shoppe.
   923 | D:2      | Found Ynal's Jewellery Boutique.
   976 | D:2      | Found a faded altar of an unknown god.
  1004 | D:2      | Found Caruufuz's Distillery.
  1410 | D:2      | Found Wewo's Antique Armour Emporium.
  1631 | D:3      | Found an opulent altar of Gozag.
  1640 | D:3      | Became a worshipper of Gozag Ym Sagoz the Greedy
  1666 | D:3      | Found a blossoming altar of Fedhas.
  1962 | D:3      | Reached XP level 4. HP: 38/38 MP: 4/4
  2049 | D:3      | Found an iron altar of Okawaru.
  2308 | D:4      | Identified a scroll of acquirement
  2310 | D:4      | Acquired 625 gold pieces
  2328 | D:4      | Reached skill level 5 in Fighting
  2414 | D:4      | Noticed Grinder
  2422 | D:5      | Entered Level 5 of the Dungeon
  2436 | D:5      | Noticed a gnoll sergeant
  2853 | D:6      | HP: 2/40 [gnoll/+0 club[a gnoll bouda] (1)]
  2855 | D:6      | Reached XP level 5. HP: 3/46 MP: 5/5
  3167 | D:6      | Reached skill level 6 in Fighting
  3596 | D:6      | Noticed a water moccasin
  3613 | D:6      | Killed a water moccasin
  3614 | D:6      | Reached skill level 7 in Fighting
  3614 | D:6      | Reached XP level 6. HP: 46/55 MP: 6/6
  3629 | D:6      | Found a sparkling altar of Nemelex Xobeh.
  3734 | D:6      | Noticed a water moccasin
  3741 | D:6      | Killed a water moccasin
  3742 | D:6      | Reached skill level 8 in Fighting
  3742 | D:6      | Reached XP level 7. HP: 58/62 MP: 7/7
  3847 | D:6      | Found a broken altar of Ashenzari.
  3941 | D:6      | Noticed a steam dragon
  3946 | D:6      | Killed from afar by a steam dragon

Illustrated notes

Levels and vault maps discovered:
D:1:      matt_arrival_grand_opening, layout_basic, serial_shops,
          nicolae_diamond_shop
D:2:      layout_basic, hellmonk_ecumenical_altar_leap_of_faith, serial_shops,
          shop_statue, nicolae_shop_advertising_works
          [nicolae_subvault_shop_adworks], nicolae_square_shop,
          nicolae_shop_bloodbath_and_beyond, grunt_ministairs_2
D:3:      layout_basic, nicolae_overflow_crystal_walls,
          mainiacjoe_overflow_paths, nicolae_gozag_seed_capital,
          patterned_corridor
D:4:      layout_gridville, mainiacjoe_overflow_chevrons, minivault_5,
          fountainhead, uniq_edmund, uniq_grinder
D:5:      layout_rooms, tso_altar, chequers_serial_rivers_large_a, uniq_menkaure
D:6:      layout_loops_corners, mainiacjoe_overflow_catwalk, minitemple,
          minmay_temple_entry_glassed_door, kennysheep_dice

Skill      XL: |  1  2  3  4  5  6 |
---------------+-------------------+-----
Fighting       | 4 5 7 8 |  8.3
Polearms       | |  2.4
Dodging        | |  2.4
Stealth        | |  1.5

Action                   |  1- 3 |  4- 6 |  7- 9 || total
-------------------------+-------+-------+-------++-------
Melee: Spear             |   185 |       |       ||   185
       Punch             |     2 |       |       ||     2
       Great sword       |     5 |    93 |     1 ||    99
Invok: Potion Petition   |       |     1 |       ||     1
Evoke: Wand              |       |     1 |     1 ||     2
  Use: Scroll            |       |    10 |     1 ||    11
 Stab: Sleeping          |     1 |       |       ||     1
Armor: Robe              |     3 |       |       ||     3
       Plate armour      |    90 |   109 |     3 ||   202
Dodge: Dodged            |    38 |    39 |       ||    77

Table legend: (Time is in decaauts)
 A = Elapsed time spent in this place.
 B = Non-inter-level travel time spent in this place.
 C = Inter-level travel time spent in this place.
 D = Time resting spent in this place.
 E = Time spent auto-exploring this place.
 F = Levels seen in this place.
 G = Mean time per level.
                   A        B        C        D        E       F      G
               +--------+--------+--------+--------+--------+-----+--------+
         Total |   3995 |   3811 |    184 |    731 |   2382 |   6 |  665.8 |
       Dungeon |   3995 |   3811 |    184 |    731 |   2382 |   6 |  665.8 |
               +--------+--------+--------+--------+--------+-----+--------+

Top non-repeatable levels by time:
     D:6: 1476 daAuts
     D:3: 801 daAuts
     D:2: 799 daAuts
     D:1: 709 daAuts
     D:4: 122 daAuts
     D:5: 87 daAuts
